 Dungeon Crawl Stone Soup version 0.17.2-1-ge4368a0 (webtiles) character file.

11 Goblin1989 the Vexing (level 2, 0/19 HPs)
             Began as a Vampire Enchanter on Aug 23, 2018.
             Slain by a jackal (1 damage)
             ... on level 1 of the Dungeon.
             The game lasted 00:00:45 (63 turns).

Goblin1989 the Vexing (Vampire Enchanter)             Turns: 63, Time: 00:00:45

Health: 0/19       AC:  3    Str:  7    XL:     2   Next: 17%
Magic:  2/5        EV: 12    Int: 17    God:
Gold:   6          SH:  0    Dex: 14    Spells: 1 memorised, 4 levels left

rFire  . . .     SeeInvis +     a - +1 dagger
rCold  . . .     Clarity  .     b - +1 robe
rNeg   + . .     SustAt   .     (no shield)
rPois  .         Gourm    .     (no helmet)
rElec  .         Spirit   .     (no cloak)
rCorr  .         Warding  .     (no gloves)
rMut   .         Stasis   .     (no boots)
MR     .....                    (no amulet)
Stlth  +++.......               (no ring)
                                (no ring)

@: not resistant to hostile enchantments, fairly stealthy
A: fangs 3, see invisible, unbreathing
a: no special abilities


You were on level 1 of the Dungeon.
You were not thirsty.

You visited 1 branch of the dungeon, and saw 1 of its levels.

You collected 6 gold pieces.

Inventory:

Hand Weapons
 a - a +1 dagger (weapon)
Armour
 b - a +1 robe (worn)
 d - a +0 helmet
Books
 c - a book of Maledictions

   Spells                             Type                      Level
   a - Corona                         Hexes                        1
   b - Ensorcelled Hibernation        Hexes/Ice                    2
   c - Confuse                        Hexes                        3
   d - Tukima's Dance                 Hexes                        3
   e - Dazzling Spray                 Conjuration/Hexes            3


   Skills:
 - Level 1.1 Short Blades
 - Level 2.1 Dodging
 - Level 4.4 Stealth
 + Level 2.4 Spellcasting
 * Level 4.8 Hexes


You had 4 spell levels left.
You knew the following spells:

 Your Spells              Type           Power        Failure   Level  Hunger
a - Corona                Hex            ###....      2%          1    #......


Dungeon Overview and Level Annotations

Branches:
Dungeon (1/15)

Altars:


Innate Abilities, Weirdness & Mutations

You have razor-sharp teeth.
You have supernaturally acute eyesight.
You can survive without breathing.


Message History

A jackal comes into view.
You take 4 damage, and have 7/13 hp.
O_OOPS!!
MASSIVE DAMAGE!!
Firing (i - inventory): No suitable missiles.
Press: ? - help, Shift-Dir - straight line, f - ooze
Aim: an ooze (moderately wounded)
Okay, then.
Firing (i - inventory): No suitable missiles.
Press: ? - help, Shift-Dir - straight line, f/p - ooze
Aim: an ooze (moderately wounded)
Okay, then.
The jackal closely misses you. The ooze misses you. The jackal bites you.
You take 1 damage, and have 6/13 hp.
Casting: Corona
Confirm with . or Enter, or press ? or * to list all spells.
Aiming: Corona
Press: ? - help, Shift-Dir - straight line, f/p - ooze
Aim: an ooze (moderately wounded, chance to defeat MR: 53%)
The jackal is outlined in light.
The ooze jiggles.
The jackal closely misses you.
You now have 2/3 mp.
You hit the jackal but do no damage. The jackal misses you.
The jackal barely misses you.
You hit the jackal.
You kill the jackal!
The jackal bites you but does no damage.
Casting: Corona
Confirm with . or Enter, or press ? or * to list all spells.
Aiming: Corona
Press: ? - help, Shift-Dir - straight line, f/p - ooze
Aim: an ooze (moderately wounded, chance to defeat MR: 54%)
The jackal is outlined in light.
The jackal bites you but does no damage.
You now have 1/3 mp.
You hit the jackal.
The jackal is heavily wounded.
The jackal misses you. The jackal barely misses you.
You hit the jackal but do no damage. You bite the jackal.
You kill the jackal!
You closely miss the giant cockroach. The giant cockroach closely misses you.
You hit the giant cockroach.
The giant cockroach is heavily wounded.
The giant cockroach bites you.
* * * LOW HITPOINT WARNING * * *
You take 1 damage, and have 5/13 hp.
You hit the giant cockroach. You bite the giant cockroach.
You kill the giant cockroach!
The jackal misses you.
Casting: Corona
Confirm with . or Enter, or press ? or * to list all spells.
Okay, then.
You miss the jackal. The jackal closely misses you.
You hit the jackal.
The jackal is almost dead.
The jackal barely misses you.
You hit the jackal.
You kill the jackal!
You hit the jackal.
The jackal is severely wounded.
The jackal barely misses you. The jackal bites you.
* * * LOW HITPOINT WARNING * * *
You take 2 damage, and have 3/13 hp.
You hit the jackal but do no damage.
The jackal is severely wounded.
The jackal bites you.
* * * LOW HITPOINT WARNING * * *
You take 1 damage, and have 2/13 hp.
You miss the jackal. You bite the jackal.
You kill the jackal!
You hit the ooze.
The ooze is moderately wounded.
The ooze barely misses you.
You hit the ooze but do no damage.
The ooze is moderately wounded.
The ooze barely misses you.
You hit the ooze.
The ooze is almost dead.
The ooze closely misses you.
You hit the ooze.
You kill the ooze!
You have reached level 2!
The jackal bites you.
* * * LOW HITPOINT WARNING * * *
You take 1 damage, and have 1/19 hp.
Unknown command.
Unknown command.
Unknown command.
Casting: Corona
Confirm with . or Enter, or press ? or * to list all spells.
Aiming: Corona
Press: ? - help, Shift-Dir - straight line, f - jackal
Aim: a jackal (chance to defeat MR: 86%)
The jackal is outlined in light.
The jackal completely misses you.
You now have 2/5 mp.
Unknown command.
You hit the jackal but do no damage. The jackal misses you.
You hit the jackal but do no damage. The jackal completely misses you.
The jackal bites you.
You die...

█.██.....█...
...........h███ █.
..............█
...............(.█
.........!....$..█
...███.....█....█
...████h██....█
..███.████h█


█████ █........█@█ █.....>....████████████████ █.............>............
███......████...█..█..█..█. ████████ █.............. █..............
█.>............ █..)........... █.............. You could see 2 jackals.

Vanquished Creatures
  An ooze (D:1)
  A giant cockroach (D:1)
  A goblin (D:1)
  4 jackals (D:1)
7 creatures vanquished.

Notes
Turn   | Place    | Note
--------------------------------------------------------------
     0 | D:1      | Goblin1989 the Vampire Enchanter began the quest for the Orb.
     0 | D:1      | Reached XP level 1. HP: 13/13 MP: 3/3
    60 | D:1      | Reached XP level 2. HP: 2/19 MP: 3/5
    63 | D:1      | Slain by a jackal

Action                   || total
-------------------------++-------
Melee: Dagger            ||    23
 Cast: Corona            ||     3

Vault maps used:
D:1:      lemuel_arrival_broad_hall
